 Dungeon Crawl Stone Soup version 0.22.1-1-ga44c0e5 (webtiles) character file.

1535 Amnesiac the Cutter (level 8, -2/56 HPs)
             Began as a Mummy Assassin on Sept 5, 2018.
             Was a Believer of Okawaru.
             Killed by divine providence
             ... invoked by an orc priest
              (7 damage)
             ... on level 6 of the Dungeon on Oct 4, 2018.
             The game lasted 00:17:09 (7194 turns).

Amnesiac the Cutter (Mummy Assassin)                Turns: 7194, Time: 00:17:09

Health: -2/56      AC:  4    Str: 15    XL:     8   Next: 55%
Magic:  8/8        EV: 11    Int: 11    God:    Okawaru [**....]
Gold:   336        SH:  0    Dex: 14    Spells: 7/7 levels left

rFire    x . .     SeeInvis .   a - +2 dagger (speed)
rCold    + . .     Gourm    .   (no shield)
rNeg     + + +     Faith    .   j - +0 leather armour
rPois    ∞         Spirit   .   (no helmet)
rElec    .         Reflect  .   d - +0 cloak
rCorr    +         Harm     .   (no gloves)
MR       +....                  (no boots)
Stlth    +++.......             (no amulet)
HPRegen  0.18/turn              h - ring of resist corrosion
MPRegen  0.11/turn              (no ring)

@: no status effects
A: no food or potions, fire vulnerability, cold resistance 1, negative energy
resistance 3, torment resistance, unbreathing
a: Heroism, Renounce Religion


You were on level 6 of the Dungeon.
You worshipped Okawaru.
Okawaru was pleased with you.
You were not hungry.

You visited 1 branch of the dungeon, and saw 6 of its levels.

You collected 336 gold pieces.

Inventory:

Hand Weapons
 a - a +2 dagger of speed (weapon)
 b - a +0 blowgun
 f - a +0 dagger of draining
 i - a +1 dagger of chaos
Missiles
 e - 39 poisoned needles
 k - a curare-tipped needle
Armour
 d - a +0 cloak (worn)
 j - a +0 leather armour (worn)
Jewellery
 h - a ring of resist corrosion (left hand)
Wands
 p - a wand of polymorph (10)
 r - a wand of paralysis (23)
Scrolls
 c - a scroll of remove curse {!r}
 g - a scroll of enchant weapon {!r}
 l - 10 scrolls of identify {!r}
 m - a scroll of teleportation {!r}
 n - a scroll of fear {!r}
 o - a scroll of immolation {!r, unknown}
 q - 2 scrolls of fog {!r, unknown}


   Skills:
 - Level 2.0 Fighting
 * Level 5.9 Short Blades
 * Level 5.8 Throwing
 - Level 0.7 Dodging
 + Level 5.4 Stealth


You had 7 spell levels left.
You didn't know any spells.
Your spell library contained the following spells:

 Spells                   Type           Power        Failure   Level  Hunger
 Corona                   Hex            #......      41%         1    N/A
 Ensorcelled Hibernation  Hex/Ice        #.....       54%         2    N/A
 Confuse                  Hex            #.......     78%         3    N/A
 Dazzling Spray           Conj/Hex       #.....       78%         3    N/A
 Tukima's Dance           Hex            #.......     78%         3    N/A

Dungeon Overview and Level Annotations

Branches:
Dungeon (6/15)
 Temple: D:4-7

Altars:
Hepliaklqana
Okawaru
Xom

Annotations:
D:5 2 transporters, zapotec's ghost, amateur DEVM


Innate Abilities, Weirdness & Mutations

You do not eat or drink.
Your flesh is vulnerable to fire.
You are immune to poison.
Your flesh is cold resistant. (rC+)
You are immune to negative energy. (rN+++)
You are immune to unholy pain and torment.
You can survive without breathing.


Message History

You hit the orc but do no damage.
The orc is heavily wounded.
An orc priest comes into view. It is wielding a dagger.
The orc hits you with a dagger.
The orc priest shouts!
You hit the orc.
You kill the orc!
Okawaru accepts your kill.
Items here: ! ) ? [ a dagger; a scale mail; 3 ruby potions {!q}; a scroll of fear {!r} The orc hits you with a short sword of draining.
You hit the orc.
The orc is heavily wounded.
The orc hits you with a short sword of draining.
You hit the orc.
The orc is almost dead.
The orc priest invokes the aid of Beogh against you.
Beogh smites you!
* * * LOW HITPOINT WARNING * * *
You closely miss the orc.
The orc is almost dead.
You closely miss the orc wizard.
You hit the orc wizard but do no damage.
You hit the orc wizard but do no damage.
The orc priest calls upon Beogh to heal the orc.
The orc is healed somewhat.
You hit the orc wizard.
The orc wizard is lightly wounded.
You hit the orc wizard.
The orc wizard is moderately wounded.
You hit the orc wizard.
The orc wizard is heavily wounded.
You hit the orc wizard.
The orc wizard is heavily wounded.
The orc wizard barely misses you. The orc hits you but does no damage.
You miss the orc wizard.
The orc wizard is heavily wounded.
You hit the orc wizard.
The orc wizard is severely wounded.
The orc wizard hits you with a dagger.
* * * LOW HITPOINT WARNING * * *
The orc hits you with a short sword of draining.
* * * LOW HITPOINT WARNING * * *
The orc priest closely misses you.
You barely miss the orc wizard.
The orc wizard is severely wounded.
You hit the orc wizard but do no damage.
The orc wizard is severely wounded.
The orc wizard barely misses you.
The orc hits you with a short sword of draining.
* * * LOW HITPOINT WARNING * * *
The orc priest hits you with a dagger.
* * * LOW HITPOINT WARNING * * *
You hit the orc wizard.
The orc wizard is severely wounded.
You closely miss the orc wizard.
The orc wizard is severely wounded.
The orc wizard hits you with a dagger.
* * * LOW HITPOINT WARNING * * *
The orc hits you with a short sword of draining!
* * * LOW HITPOINT WARNING * * *
The orc priest calls down the wrath of Beogh upon you.
Beogh smites you!
You die...

#..........#
#.....>....####
#.........))).##
#.........###..###
#.........# ##...#
#### ##.......##
###.###...
##.....## #.<...##
###.).#
####....### #.@o#
#....##.... #.oo##
#.#########
#....####.#
####...##.#
##.....#
......#...#
#########..# ##.#
...


You could see an orc priest, an orc wizard and an orc.

Vanquished Creatures
  Sigmund (D:3)
  Eustachio (D:5)
  Duvessa (D:4)
  A sky beast (D:6)
  An ogre (D:5)
  A centaur (D:5)
  A scorpion (D:4)
  Dowan (D:4)
  A howler monkey (D:4)
  A bullfrog zombie (D:5)
  Crazy Yiuf (D:3)
  2 orc priests (D:3)
  A hound (D:4)
  3 iguanas
  An orc wizard (D:3)
  Jessica (D:3)
  Natasha (thrice) (D:4)
  3 worker ants
  6 gnolls
  12 adders
  A shadow imp (D:6)
  2 oozes (D:1)
  An adder zombie (D:5)
  A worm (D:5)
  5 dart slugs (D:1)
  2 leopard geckos
  12 orcs
  2 ball pythons
  7 giant cockroaches
  10 goblins
  3 hobgoblins
  4 jackals (D:5)
  9 kobolds
  3 quokkas (D:3)
  A ball python skeleton (D:4)
  9 bats
  5 frilled lizards
  4 rats
124 creatures vanquished.

Notes
Turn   | Place    | Note
-------+----------+-------------------------------------------
     0 | D:1      | Amnesiac the Mummy Assassin began the quest for the Orb.
     0 | D:1      | Reached XP level 1. HP: 16/16 MP: 1/1
   201 | D:1      | Reached XP level 2. HP: 6/22 MP: 2/2
   362 | D:1      | Upgraded the game from 0.22.0-49-gab54619 to
                  | 0.22.0-75-g3901e79
   362 | D:1      | Upgraded the game from 0.22.0-75-g3901e79 to 0.22.1
   362 | D:1      | Upgraded the game from 0.22.1 to 0.22.1-1-ga44c0e5
   844 | D:1      | Reached XP level 3. HP: 26/27 MP: 3/3
  1712 | D:2      | Found an iron altar of Okawaru.
  1722 | D:2      | Became a worshipper of Warmaster Okawaru
  1773 | D:2      | Reached XP level 4. HP: 30/33 MP: 4/4
  1880 | D:3      | Noticed Sigmund
  2458 | D:3      | Killed Sigmund
  2458 | D:3      | Reached * piety under Okawaru
  2458 | D:3      | Reached XP level 5. HP: 19/38 MP: 5/5
  2458 | D:3      | Reached XP level 6. HP: 22/44 MP: 6/6
  2840 | D:3      | Found a shimmering altar of Xom.
  2855 | D:3      | Paralysed by an orc for 3 turns
  2939 | D:3      | Found a runed door.
  3321 | D:3      | Noticed Jessica
  3337 | D:3      | Killed Jessica
  3510 | D:5      | Entered Level 5 of the Dungeon
  3583 | D:4      | Reached XP level 7. HP: 50/50 MP: 7/7
  3596 | D:4      | Noticed Natasha
  3614 | D:4      | Killed Natasha
  3626 | D:4      | Noticed Dowan
  3633 | D:4      | Noticed Natasha
  3658 | D:4      | HP: 1/50 [Natasha/magic dart (10)]
  3659 | D:4      | Killed Natasha
  3659 | D:4      | Reached ** piety under Okawaru
  3914 | D:4      | Found a hazy altar of Hepliaklqana.
  3915 | D:4      | Noticed Duvessa
  3955 | D:4      | Noticed Natasha
  3960 | D:4      | Killed Duvessa
  3970 | D:4      | Killed Dowan
  4216 | D:4      | Killed Natasha
  5127 | D:3      | Noticed Crazy Yiuf
  5131 | D:3      | Killed Crazy Yiuf
  5131 | D:3      | Reached skill level 5 in Short Blades
  5290 | D:4      | Reached skill level 5 in Throwing
  5505 | D:5      | Found a transporter.
  5505 | D:5      | Noticed zapotec's ghost (amateur DEVM)
  5506 | D:5      | Found a transporter.
  5514 | D:5      | Reached XP level 8. HP: 46/56 MP: 8/8
  5545 | D:5      | Noticed Eustachio
  5622 | D:5      | Killed Eustachio
  5622 | D:5      | Reached skill level 5 in Stealth
  7194 | D:6      | Killed from afar by an orc priest

Skill      XL: |  1  2  3  4  5  6  7  8 |
---------------+-------------------------+-----
Short Blades   | 2 3 4 5 |  5.9
Throwing       | 3 4 5 |  5.8
Stealth        | 4 5 |  5.4
Fighting       | |  2.0
Dodging        | |  0.7

Action                   |  1- 3 |  4- 6 |  7- 9 || total
-------------------------+-------+-------+-------++-------
Melee: Dagger            |   156 |   179 |   353 ||   688
 Fire: Blowgun           |       |    29 |    16 ||    45
  Use: Scroll            |     4 |     3 |     2 ||     9
 Stab: Sleeping          |     4 |     5 |     7 ||    16
       Distracted        |     1 |       |     1 ||     2
       Paralysed         |       |       |     1 ||     1
Armor: Robe              |     6 |       |       ||     6
       Leather armour    |    33 |    25 |    95 ||   153
Dodge: Dodged            |    63 |    69 |   208 ||   340
